 Dungeon Crawl Stone Soup version 0.24-a0-536-gdd4cf15266 (webtiles) character file.

Game seed: 76742712900944552

789 BinkBink the Poker (level 7, -2/53 HPs)
             Began as a Demonspawn Gladiator on Aug 11, 2019.
             Slain by Duvessa
             ... wielding a +0 rapier
              (4 damage)
             ... on level 5 of the Dungeon.
             The game lasted 00:11:17 (4848 turns).

BinkBink the Poker (Demonspawn Gladiator)           Turns: 4848, Time: 00:11:20

Health: -2/53      AC:  5    Str: 20 (21) XL:     7   Next: 56%
Magic:  0/16       EV: 11    Int:  8 (9)  God:
Gold:   333        SH: 10    Dex: 14 (15) Spells: 6/6 levels left

rFire    . . .     SeeInvis .   a - +0 trident
rCold    . . .     Gourm    .   w - +2 shield
rNeg     . . .     Faith    .   b - +0 leather armour
rPois    .         Spirit   +   c - +0 helmet
rElec    .         Reflect  .   (no cloak)
rCorr    .         Harm     .   (no gloves)
MR       .....                  (no boots)
Stlth    +.........             (no amulet)
HPRegen  0.17/turn              g - ring of magical power
MPRegen  0.15/turn              (no ring)

@: mighty, flying, glowing
A: talons 1, rugged brown scales 1, magic shield
a: no special abilities


You were on level 5 of the Dungeon.
You were not hungry.

You visited 1 branch of the dungeon, and saw 5 of its levels.

You collected 333 gold pieces.

Inventory:

Hand Weapons
 a - a +0 trident (weapon)
 m - a +3 falchion
Missiles
 d - 4 throwing nets (quivered)
Armour
 b - a +0 leather armour (worn)
 c - a +0 helmet (worn)
 w - a +2 shield (worn)
Jewellery
 g - a ring of magical power (left hand)
 o - an uncursed ring of magical power
 x - an uncursed ring of positive energy {unknown}
Wands
 z - a wand of digging (5)
Scrolls
 h - 6 scrolls of enchant weapon {unknown}
 j - 6 scrolls of identify {unknown}
 k - 2 scrolls of teleportation {unknown}
 p - a scroll of enchant armour {unknown}
 q - a scroll of noise {unknown}
 u - 2 scrolls of remove curse {unknown}
 v - a scroll of magic mapping {unknown}
 y - a scroll of fog {unknown}
Potions
 e - 2 potions of curing
 i - 4 potions of might
 l - a potion of flight
 n - a potion of agility {unknown}
 r - a potion of lignification {unknown}
 s - a potion of resistance {unknown}
 t - a potion of degeneration
 A - a potion of haste {unknown}
Comestibles
 f - 6 rations


   Skills:
 + Level 3.6 Fighting
 + Level 5.6 Polearms
 + Level 1.8 Throwing
 + Level 2.7 Armour
 + Level 4.3 Dodging
 + Level 1.5 Stealth
 + Level 1.4 Shields


You had 6 spell levels left.
You didn't know any spells.
Your spell library was empty.

Dungeon Overview and Level Annotations

Branches:
Dungeon (5/15)             Temple (0/1) D:4

Altars:
Ashenzari
Nemelex Xobeh
Yredelemnul

Shops:
D:4 *}:?

Annotations:
D:5 Dowan, Duvessa, Prince Ribbit


Innate Abilities, Weirdness & Mutations

You have sharp toenails.
You are partially covered in rugged brown scales. (AC +1, +3% HP)
When hurt, damage is shared between your health and your magic reserves.


Message History

The puff of frost hits you!
* * * LOW HITPOINT WARNING * * *
Duvessa hits you with a +0 rapier!
* * * LOW HITPOINT WARNING * * *
You feel better. Dowan hits you with a +0 dagger.
* * * LOW HITPOINT WARNING * * *
Duvessa hits you with a +0 rapier.
* * * LOW HITPOINT WARNING * * *
You feel very mighty all of a sudden. Dowan hits you with a +0 dagger.
* * * LOW HITPOINT WARNING * * *
You block Duvessa's attack.
It was a potion of flight.
You feel very buoyant.
You fly up into the air.
Dowan gestures at you while chanting.
You are outlined in light.
Duvessa says, "Where magic fails, the sword succeeds!"
Duvessa hits you with a +0 rapier.
You die...

### #.....####....# ..#
##.....#####.### . #.#
#......#.....# ... #.#
#..5...#)##### #...###.#
#......#.#
#.....####.###.##.#
#####...<..# #....###
##...######.....#
#...e@e5...###.##
##...#####.......#####
###..#.#####.####......#
......................#..#
####.##....##.######...# .
#. ####....# #.#>... #.
###.... #.##### .. #.##..
... . ..# ## ...


You could see Duvessa, Dowan and a crimson imp.

Vanquished Creatures
  Menkaure (D:5)
  2 ogres
  A howler monkey (D:4)
  A bullfrog skeleton (D:4)
  Ijyb (D:4)
  An iguana (D:4)
  4 orc wizards
  3 worker ants (D:4)
  Robin (D:4)
  7 adders
  2 oozes
  4 dart slugs
  2 worms
  4 leopard geckos
  12 orcs
  2 ball pythons
  12 bats
  3 giant cockroaches
  13 goblins
  9 hobgoblins
  4 jackals
  6 quokkas
  9 frilled lizards
  6 kobolds
  8 rats
118 creatures vanquished.

Vanquished Creatures (others)
  A goblin (D:4)
1 creature vanquished.

Grand Total: 119 creatures vanquished

Notes
Turn   | Place    | Note
-------+----------+-------------------------------------------
     0 | D:1      | BinkBink the Demonspawn Gladiator began the quest for the
                  | Orb.
     0 | D:1      | Reached XP level 1. HP: 16/16 MP: 1/1
   270 | D:1      | Gained mutation: You are partially covered in rugged brown
                  | scales. (AC +1, +3% HP) [demonic ancestry]
   270 | D:1      | Reached XP level 2. HP: 13/22 MP: 2/2
   453 | D:1      | Reached skill level 3 in Polearms
   935 | D:1      | Gained mutation: When hurt, damage is shared between your
                  | health and your magic reserves. [demonic ancestry]
   935 | D:1      | Reached XP level 3. HP: 27/27 MP: 3/3
  1293 | D:2      | Found a shattered altar of Ashenzari.
  1538 | D:2      | Gained mutation: You have sharp toenails. [demonic
                  | ancestry]
  1538 | D:2      | Reached XP level 4. HP: 22/33 MP: 4/4
  1669 | D:2      | Reached skill level 1 in Armour
  2481 | D:3      | Found a basalt altar of Yredelemnul.
  2663 | D:3      | Reached XP level 5. HP: 37/40 MP: 5/5
  2665 | D:3      | Reached skill level 4 in Polearms
  2818 | D:4      | Found Nadak's Magic Scroll Emporium.
  2867 | D:4      | Noticed Robin
  2898 | D:4      | Reached skill level 1 in Stealth
  2923 | D:4      | Killed Robin
  3220 | D:4      | Reached XP level 6. HP: 47/47 MP: 6/6
  3229 | D:4      | Found Saeget Woth's General Store.
  3578 | D:4      | Found Pitz's Gadget Emporium.
  3601 | D:4      | Found a staircase to the Ecumenical Temple.
  3601 | D:4      | Noticed Ijyb
  3628 | D:4      | Killed Ijyb
  3628 | D:4      | Reached skill level 5 in Polearms
  3657 | D:4      | Found a sparkling altar of Nemelex Xobeh.
  3680 | D:4      | Reached XP level 7. HP: 13/53 MP: 2/7
  3924 | D:4      | Found Nixtumn's Book Emporium.
  4031 | D:5      | Entered Level 5 of the Dungeon
  4040 | D:5      | Noticed Prince Ribbit
  4048 | D:5      | Noticed Menkaure
  4326 | D:5      | Killed Menkaure
  4326 | D:5      | Reached skill level 1 in Shields
  4784 | D:5      | Noticed Dowan
  4798 | D:5      | Noticed Duvessa
  4847 | D:5      | HP: 2/53 [Dowan/+0 dagger (3)]
  4848 | D:5      | Slain by Duvessa

Levels and vault maps discovered:
D:1:      sevenhm_arrival_forest_fort_small_6, layout_basic, serial_forest,
          infiniplex_forest_lined_3_way, infiniplex_forest_side_room,
          infiniplex_forest_diagonal, infiniplex_forest_end_1,
          infiniplex_forest_end_2, infiniplex_forest_straight_3,
          infiniplex_forest_clump_small, infiniplex_forest_clump_double
D:2:      cheibrodos_old_hovel, layout_loops_ring, evilmike_ruin_ashenzari,
          minmay_misc_feat_cross
D:3:      layout_rooms, yredelemnul_altar_generic, first_ration,
          roderic_roman_lattice
D:4:      layout_rooms, lemuel_crystal_altar, minmay_temple_entry_mini_moons,
          serial_shops, nicolae_shop_trees, nicolae_shop_behind_doors,
          nicolae_shop_trees, nicolae_shop_behind_doors, minmay_circle_x,
          uniq_robin, uniq_ijyb
D:5:      layout_rooms, good_gods_temple_1, uniq_duvessa, uniq_prince_ribbit1,
          uniq_menkaure

Skill      XL: |  1  2  3  4  5  6  7 |
---------------+----------------------+-----
Dodging        | 3 4 |  4.3
Polearms       | 3 4 5 |  5.6
Armour         | 1 2 |  2.7
Stealth        | 1 |  1.5
Fighting       | 3 |  3.6
Shields        | 1 |  1.4
Throwing       | |  1.8

Action                   |  1- 3 |  4- 6 |  7- 9 || total
-------------------------+-------+-------+-------++-------
Melee: Trident           |   199 |   237 |    63 ||   499
       Kick              |       |    56 |    17 ||    73
  Use: Potion            |       |     5 |     3 ||     8
 Stab: Sleeping          |     1 |     1 |     1 ||     3
  Eat: Chunk             |     2 |     7 |     1 ||    10
       Ration            |       |       |     1 ||     1
Armor: Leather armour    |    59 |    56 |     6 ||   121
Dodge: Dodged            |   161 |   154 |    21 ||   336
Block: Shield            |       |    30 |    23 ||    53

Table legend:
 A = Non-vault XP
 B = Vault XP
 C = Vault XP percentage of total XP
 D = Non-vault monster count
 E = Vault monster count
 F = Vault count percentage of total count
                 A         B        C        D         E       F
            +---------+---------+-------+---------+---------+-------
      Total |     785 |     343 |  30.4 |     102 |      16 |  13.6
            +---------+---------+-------+---------+---------+-------
        D:1 |      44 |       0 |   0.0 |      26 |       0 |   0.0
        D:2 |      81 |      14 |  14.7 |      31 |       1 |   3.1
        D:3 |      65 |       0 |   0.0 |      17 |       0 |   0.0
        D:4 |     461 |     146 |  24.1 |      24 |      14 |  36.8
        D:5 |     134 |     183 |  57.7 |       4 |       1 |  20.0
            +---------+---------+-------+---------+---------+-------
